 Dungeon Crawl Stone Soup version 0.21-a0-584-g185da8e (webtiles) character file.

122 tsouns the Magician (level 4, -4/30 HPs)
             Began as a Mummy Fire Elementalist on Dec 21, 2017.
             Slain by a bullfrog skeleton (5 damage)
             ... on level 4 of the Dungeon.
             The game lasted 00:06:58 (2964 turns).

tsouns the Magician (Mummy Fire Elementalist)       Turns: 2964, Time: 00:06:58

Health: -4/30      AC:  2    Str: 11    XL:     4   Next: 78%
Magic:  1/10       EV: 12    Int: 15    God:
Gold:   174        SH:  0    Dex: 12    Spells: 2/12 levels left

rFire    x . .     SeeInvis .   g - +1 dagger
rCold    + . .     Gourm    .   (no shield)
rNeg     + + +     Faith    .   a - +0 robe
rPois    ∞         Spirit   .   (no helmet)
rElec    .         Reflect  .   (no cloak)
rCorr    .         Harm     .   (no gloves)
MR       .....                  (no boots)
Stlth    ++........             (no amulet)
HPRegen  0.10/turn              (no ring)
MPRegen  0.12/turn              (no ring)

@: very slightly contaminated
A: no food or potions, fire vulnerability, cold resistance 1, negative energy
resistance 3, torment resistance, unbreathing
a: no special abilities


You were on level 4 of the Dungeon.
You were not hungry.

You visited 1 branch of the dungeon, and saw 4 of its levels.

You collected 174 gold pieces.

Inventory:

Hand Weapons
 d - a +0 whip
 g - a +1 dagger (weapon)
Missiles
 h - 91 stones (quivered)
 l - 8 needles of frenzy
Armour
 a - a +0 robe (worn)
 i - a +0 buckler
Wands
 c - a wand of iceblast (6)
Scrolls
 e - a scroll of immolation
 f - a scroll of identify
 j - a scroll of amnesia
Books
 b - a book of Flames

   Spells                             Type                      Level
   a - Flame Tongue                   Conjuration/Fire             1
   b - Throw Flame                    Conjuration/Fire             2
   c - Conjure Flame                  Conjuration/Fire             3
   d - Inner Flame                    Hexes/Fire                   3
   e - Sticky Flame                   Conjuration/Fire             4
   f - Fireball                       Conjuration/Fire             5


   Skills:
 - Level 1.5 Dodging
 - Level 1.5 Stealth
 * Level 4.8 Spellcasting
 + Level 1.9 Conjurations
 + Level 3.1 Fire Magic


You had 2 spell levels left.
You knew the following spells:

 Your Spells              Type           Power        Failure   Level  Hunger
a - Flame Tongue          Conj/Fire      ##...        6%          1    N/A
b - Throw Flame           Conj/Fire      ##....       9%          2    N/A
c - Conjure Flame         Conj/Fire      ##......     17%         3    N/A
d - Sticky Flame          Conj/Fire      ##......     50%         4    N/A

Dungeon Overview and Level Annotations

Branches:
Dungeon (4/15)
 Temple: D:4-7

Altars:
Elyvilon
Fedhas
Nemelex Xobeh
Qazlal
Wu Jian

Annotations:
D:3 CasualChangeling's ghost, amateur DrFi; Grinder


Innate Abilities, Weirdness & Mutations

You do not eat or drink.
Your flesh is vulnerable to fire.
You are immune to poison.
Your flesh is cold resistant. (rC+)
You are immune to negative energy. (rN+++)
You are immune to unholy pain and torment.
You can survive without breathing.


Message History

The bullfrog skeleton closely misses you.
Casting: Flame Tongue
Confirm with . or Enter, or press ? or * to list all spells.
Aiming: Flame Tongue
Press: ? - help, Shift-Dir - straight line, f/p - bullfrog skeleton
Aim: a bullfrog skeleton (moderately damaged)
The flame tongue hits the bullfrog skeleton.
The bullfrog skeleton is heavily damaged.
The bullfrog skeleton closely misses you.
As you read the scroll labeled ZYPPEDU PEITSO, it crumbles to dust.
The creatures around you are filled with an inner flame!
It was a scroll of immolation.
The bullfrog skeleton closely misses you.
The bullfrog skeleton hits you.
* * * LOW HITPOINT WARNING * * *
The bullfrog skeleton hits you.
* * * LOW HITPOINT WARNING * * *
There is a stone staircase leading down here.
The bullfrog skeleton hits you.
You die...

.§≈≈.##.##.# #.#
.._..##.##.# #.#
.#≈#≈...##.# #.#
..^.######.#.######.#
##.## #.#...!....#
....# #.########.#
...[# #.# #.# #...#
#.########.# #####
#..†...@Z>.#
############


You could see a bullfrog skeleton (inner flame).

Vanquished Creatures
  2 worker ants (D:4)
  2 adders
  An ooze (D:3)
  A worm (D:2)
  A leopard gecko (D:1)
  A ball python (D:4)
  2 giant cockroaches (D:1)
  A goblin (D:3)
  4 hobgoblins (D:1)
  9 jackals
  8 kobolds
  A quokka (D:3)
  8 bats
  4 frilled lizards (D:1)
  4 rats
49 creatures vanquished.

Notes
Turn   | Place    | Note
-------+----------+-------------------------------------------
     0 | D:1      | tsouns the Mummy Fire Elementalist began the quest for the Orb.
     0 | D:1      | Reached XP level 1. HP: 13/13 MP: 4/4
   118 | D:1      | Reached skill level 3 in Spellcasting
   118 | D:1      | Reached skill level 1 in Conjurations
   201 | D:1      | Reached XP level 2. HP: 19/19 MP: 4/6
   217 | D:1      | Learned a level 2 spell: Throw Flame
  1345 | D:2      | Reached XP level 3. HP: 24/24 MP: 4/8
  1383 | D:2      | Learned a level 3 spell: Conjure Flame
  1589 | D:2      | Found a white marble altar of Elyvilon.
  1606 | D:2      | Reached skill level 4 in Spellcasting
  1721 | D:2      | Found a sparkling altar of Nemelex Xobeh.
  1724 | D:2      | Found an ornate altar of the Wu Jian Council.
  1801 | D:3      | Noticed CasualChangeling's ghost (amateur DrFi)
  1991 | D:3      | Noticed Grinder
  1993 | D:3      | Paralysed by Grinder for 5 turns
  2445 | D:4      | Reached XP level 4. HP: 8/30 MP: 0/10
  2824 | D:4      | Learned a level 4 spell: Sticky Flame
  2856 | D:4      | Found a stormy altar of Qazlal.
  2856 | D:4      | Found a blossoming altar of Fedhas.
  2960 | D:4      | HP: 1/30 [bullfrog skeleton (2)]
  2964 | D:4      | Slain by a bullfrog skeleton

Vault maps used:
D:1:      elethiomel_arrival_infinity_welcomes_careful_drivers
D:2:      nicolae_overflow_hidden_temple
D:3:      nicolae_dithmenos_through_a_glass_darkly, vehumet_crystals,
          yredelemnul_altar_generic, kennysheep_slug_shrine, uniq_grinder,
          uniq_sigmund
D:4:      grunt_temple_overflow_forces_of_nature, kiku_gazebo_garden_becter,
          first_ration, uniq_pikel

Skill      XL: |  1  2  3  4 |
---------------+-------------+-----
Spellcasting   | 3 4 |  4.8
Conjurations   | 1 |  1.9
Fire Magic     | 3 |  3.1
Dodging        | |  1.5
Stealth        | |  1.5

Action                   |  1- 3 |  4- 6 || total
-------------------------+-------+-------++-------
Melee: Whip              |     1 |       ||     1
       Dagger            |    12 |       ||    12
Throw: Stone             |     8 |       ||     8
 Cast: Flame Tongue      |    82 |    19 ||   101
       Throw Flame       |     1 |     1 ||     2
  Use: Scroll            |     5 |     1 ||     6
Armor: Robe              |    14 |     2 ||    16
Dodge: Dodged            |    43 |    11 ||    54

Table legend:
 A = Spawn XP
 B = Non-spawn XP
 C = Spawn XP percentage of total XP
 D = Spawn monster count
 E = Non-spawn monster count
 F = Spawn count percentage of total count
 G = Total turns spent on level
                    A         B        C        D         E        F      G
               +---------+---------+-------+---------+---------+-------+---------
         Total |       0 |     175 |   0.0 |       0 |      49 |   0.0 |  2964
               +---------+---------+-------+---------+---------+-------+---------
           D:1 |       0 |      37 |   0.0 |       0 |      23 |   0.0 |  1305
           D:2 |       0 |      27 |   0.0 |       0 |       9 |   0.0 |   833
           D:3 |       0 |      23 |   0.0 |       0 |      10 |   0.0 |   246
           D:4 |       0 |      88 |   0.0 |       0 |       7 |   0.0 |   580
               +---------+---------+-------+---------+---------+-------+---------
